[Event "Titled Tuesday Blitz November 07 Early 2023"]
[White "Toktomushev, Teimur"]
[Black "Kanyamarala, Tarun"]
[WhiteFideId "14176726"]
[BlackFideId "45004714"]
[WhiteElo "2524"]
[BlackElo "2441"]
[Result "0-1"]
[Round "9"]
[TimeControl "180+1"]
[Date "2023.11.07"]
[WhiteClock "0:00:00"]
[BlackClock "0:00:13"]
[Board "91"]

1. d4 Nf6 2. c4 e6 3. Nf3 b6 4. g3 Ba6 5. b3 Bb4+ 6. Bd2 Be7 7. Bg2 c6 8. O-O d5 9. Bc3 Ne4 10. Bb2 O-O 11. Nbd2 Nxd2 12. Nxd2 Nd7 13. e4 dxc4 14. Nxc4 Bxc4 15. bxc4 e5 16. dxe5 Nc5 17. Qg4 Qc8 18. Qe2 Ne6 19. Rad1 Bc5 20. Kh1 Rd8 21. Bh3 Qc7 22. Bxe6 fxe6 23. f4 a5 24. f5 exf5 25. exf5 Rxd1 26. Rxd1 Qf7 27. Qg4 g6 28. f6 h5 29. Qg5 Kh7 30. Re1 Re8 31. h3 Qxc4 32. f7 Qxf7 33. g4 Qf3+ 34. Kh2 Qf2+ 0-1


[Site "https://www.chess.com"]

[Event "Titled Tuesday Blitz November 07 Early 2023"]
[White "Su, Dion"]
[Black "HeroRubiksCube"]
[WhiteFideId "2029731"]
[WhiteElo "2432"]
[BlackElo "2521"]
[Result "1/2-1/2"]
[Round "9"]
[TimeControl "180+1"]
[Date "2023.11.07"]
[WhiteClock "0:00:25"]
[BlackClock "0:00:18"]
[Board "92"]

1. d4 Nf6 2. Nf3 d5 3. g3 e6 4. Bg2 Be7 5. O-O O-O 6. c4 dxc4 7. Ne5 Nc6 8. Bxc6 bxc6 9. Nxc6 Qe8 10. Nxe7+ Qxe7 11. Qc2 e5 12. dxe5 Qxe5 13. Bf4 Qc5 14. Nd2 Be6 15. Rac1 Rab8 16. b3 h5 17. Nxc4 Bh3 18. Rfd1 Ng4 19. Ne3 Qb5 20. Qc4 Qb7 21. Qd5 Qa6 22. Re1 Nf6 23. Qd2 Rbd8 24. Qc2 Rfe8 25. Qxc7 Qxa2 26. Ra1 Qxb3 27. Rxa7 Rd7 28. Qa5 Rxa7 29. Qxa7 Nd5 30. Nxd5 Qxd5 31. f3 g5 32. Be3 g4 33. Kf2 h4 34. Qa4 Qe6 35. Qf4 hxg3+ 36. hxg3 Qg6 37. Rc1 gxf3 38. exf3 Be6 39. Rc5 f5 40. Rc7 Bf7 41. Qd4 Qe6 42. Rc2 Bh5 43. Rc7 Bf7 44. Rc1 Bg6 45. Rh1 Qe5 46. Qc4+ Bf7 47. Qd4 Qxd4 48. Bxd4 Bc4 49. Rh8+ Kf7 50. Rh7+ Ke6 51. Rh6+ Kd5 52. Be3 Ke5 53. Rb6 Be6 54. Bf4+ Kf6 55. g4 fxg4 56. fxg4 Kf7 57. Kg3 Rg8 58. g5 Rc8 59. Be3 Rc3 60. Kf4 Rc4+ 61. Kf3 Rc3 62. Rb7+ Kg6 63. Rb6 Kf5 64. Rb5+ Kg6 65. Re5 Bc8 66. Ke4 Bb7+ 67. Kd4 Ra3 68. Re6+ Kf7 69. Rf6+ Kg7 70. Bf4 Ra4+ 71. Ke3 Re4+ 72. Kf2 Bc8 73. Kg3 Re6 74. Rf5 Re3+ 75. Bxe3 Bxf5 76. Kf4 Bg6 77. Bd4+ Kf7 78. Ke5 Bb1 79. Bc5 Bc2 80. Bd6 Kg6 81. Kf4 Bf5 82. Be7 Bb1 83. Bf6 Bc2 84. Ke5 Bb1 85. Kd6 Bc2 86. Ke7 Bb1 87. Kf8 Bf5 88. Ke7 Bg4 89. Kd6 Bf5 90. Ke5 Bb1 91. Kf4 Bc2 92. Ke3 Bb1 93. Kd2 Bf5 94. Ke3 Be6 95. Kd2 Bf5 96. Kc3 Bg4 97. Kd4 Bf5 98. Ke5 Bh3 99. Kf4 Bf5 100. Ke5 1/2-1/2


[Site "https://www.chess.com"]

[Event "Titled Tuesday Blitz November 07 Early 2023"]
[White "Cristi_Coca"]
[Black "Seletsky, Grigory"]
[BlackFideId "14112191"]
[WhiteElo "2430"]
[BlackElo "2520"]
[Result "1/2-1/2"]
[Round "9"]
[TimeControl "180+1"]
[Date "2023.11.07"]
[WhiteClock "0:00:21"]
[BlackClock "0:00:48"]
[Board "93"]

1. e4 e6 2. d4 d5 3. Nc3 Nc6 4. exd5 exd5 5. Nf3 a6 6. Bd3 Nf6 7. Bg5 Be7 8. O-O O-O 9. h3 Be6 10. Re1 Re8 11. Ne2 Ne4 12. Bxe7 Rxe7 13. Nf4 Nf6 14. Nxe6 Rxe6 15. Rxe6 fxe6 16. c3 Qd6 17. Qe2 Re8 18. Re1 Nd8 19. Ne5 c5 20. g4 h6 21. h4 cxd4 22. cxd4 Nc6 23. Nxc6 Qxc6 24. g5 Ne4 25. gxh6 gxh6 26. Bxe4 dxe4 27. Qxe4 Qxe4 28. Rxe4 Kf7 29. Kg2 Rc8 30. Re2 Rc1 31. Kf3 Rd1 32. Ke3 Kf6 33. Rc2 Rb1 34. b3 a5 35. Rc7 Rb2 36. Rxb7 Rxa2 37. Rb6 Kf5 38. d5 exd5 39. Rxh6 Ra3 40. Ra6 a4 41. Rxa4 Rxb3+ 42. Kd4 Rf3 43. Kxd5 Rxf2 44. h5 Rd2+ 45. Kc6 Kg5 46. Ra5+ Kh6 47. Rd5 Rxd5 48. Kxd5 Kxh5 1/2-1/2


[Site "https://www.chess.com"]

[Event "Titled Tuesday Blitz November 07 Early 2023"]
[White "Manukian, Artak"]
[Black "LiadCuba"]
[WhiteFideId "13301373"]
[WhiteElo "2519"]
[BlackElo "2426"]
[Result "1-0"]
[Round "9"]
[TimeControl "180+1"]
[Date "2023.11.07"]
[WhiteClock "0:00:34"]
[BlackClock "0:00:00"]
[Board "94"]

1. e4 c5 2. Nf3 d6 3. Bb5+ Bd7 4. Bxd7+ Qxd7 5. c4 Nf6 6. Nc3 Nc6 7. O-O g6 8. d4 cxd4 9. Nxd4 Bg7 10. Be3 Ng4 11. Nc2 Nxe3 12. Nxe3 O-O 13. Qd2 Rfc8 14. Rad1 Qe6 15. Ned5 Rab8 16. f4 Bxc3 17. Qxc3 Qxe4 18. Rfe1 Qf5 19. Rxe7 Re8 20. Rxe8+ Rxe8 21. Nf6+ Kf8 22. Nxe8 Kxe8 23. g3 h5 24. Qd3 Qxd3 25. Rxd3 Ke7 26. a3 Na5 27. b3 b6 28. Kf2 Nb7 29. b4 Nd8 30. Ke3 Ne6 31. h3 Ng7 32. g4 hxg4 33. hxg4 Ne8 34. Kd4 Nf6 35. g5 Nh5 36. Ke4 Ke6 37. a4 f5+ 38. gxf6 Nxf6+ 39. Kf3 d5 40. cxd5+ Nxd5 41. b5 Ne7 42. Kg4 1-0


[Site "https://www.chess.com"]

[Event "Titled Tuesday Blitz November 07 Early 2023"]
[White "Horak, Martin"]
[Black "Matveeva, Olga"]
[WhiteFideId "367095"]
[BlackFideId "24107018"]
[WhiteElo "2519"]
[BlackElo "2412"]
[Result "1-0"]
[Round "9"]
[TimeControl "180+1"]
[Date "2023.11.07"]
[WhiteClock "0:00:52"]
[BlackClock "0:00:00"]
[Board "95"]

1. e4 c6 2. Nf3 d5 3. Nc3 dxe4 4. Nxe4 Nf6 5. Qe2 Nxe4 6. Qxe4 Nd7 7. Bc4 Nf6 8. Ne5 e6 9. Qe2 b5 10. Bd3 Qc7 11. a4 b4 12. Nxc6 Bd6 13. Nd4 a6 14. Nf5 Be5 15. Nxg7+ Ke7 16. Nh5 Bb7 17. Nxf6 Bxf6 18. Be4 Rhg8 19. O-O Rad8 20. d3 Qe5 21. Be3 Bxe4 22. dxe4 Rg6 23. f4 Qxb2 24. e5 Bh4 25. Rab1 Qc3 26. Rb3 Qc6 27. Rxb4 Rdg8 28. Qf3 Rxg2+ 29. Kh1 Qxf3 30. Rxf3 Rxc2 31. Rb7+ 1-0


[Site "https://www.chess.com"]

[Event "Titled Tuesday Blitz November 07 Early 2023"]
[White "Slovineanu, Viacheslav"]
[Black "Bilan, Danila"]
[WhiteFideId "13900510"]
[BlackFideId "24161918"]
[WhiteElo "2417"]
[BlackElo "2516"]
[Result "1-0"]
[Round "9"]
[TimeControl "180+1"]
[Date "2023.11.07"]
[WhiteClock "0:00:05"]
[BlackClock "0:00:00"]
[Board "96"]

1. d4 d5 2. Nf3 Nf6 3. c4 c6 4. e3 e6 5. Nbd2 Nbd7 6. Bd3 Bd6 7. O-O e5 8. cxd5 cxd5 9. dxe5 Nxe5 10. Nxe5 Bxe5 11. Nf3 Bd6 12. b3 O-O 13. Bb2 Bg4 14. h3 Bh5 15. Be2 Bg6 16. Rc1 Re8 17. Bxf6 Qxf6 18. Qxd5 Be4 19. Qd4 Qg6 20. Rfd1 Rad8 21. Qxa7 Ra8 22. Qd4 Rxa2 23. Qxd6 Rxe2 24. Qxg6 hxg6 25. Rc7 Bc2 26. Rdd7 Bxb3 27. Nd4 Re1+ 28. Kh2 Ba2 29. Rxb7 Rf1 30. Rb2 Bc4 31. Nf3 Be6 32. Rc7 Ra1 33. Ng5 Bd5 34. Rd7 Ra5 35. Rd2 Bc4 36. Rd8 Ra8 37. Rxa8 Rxa8 38. Rd4 Bb3 39. Rb4 Ba2 40. Rb7 f6 41. Ne4 Bd5 42. Rb4 Ra2 43. Nc3 Rd2 44. Nxd5 Rxd5 45. f4 g5 46. Kg3 gxf4+ 47. exf4 Kh7 48. Rb3 Kg6 49. Kf3 f5 50. Rb6+ Kf7 51. Kg3 g6 52. Kh4 Rd2 53. g3 Rd3 54. Rb7+ Kf6 55. Rb6+ Kf7 56. g4 fxg4 57. hxg4 Rd4 58. Kg5 Rd5+ 59. f5 gxf5 60. gxf5 Rc5 61. Rb7+ Kf8 62. Kg6 Rc1 63. Rb8+ Ke7 64. f6+ Ke6 65. Rb6+ Kd7 66. f7 Rg1+ 67. Kf6 Rf1+ 68. Kg7 Rg1+ 69. Rg6 1-0


[Site "https://www.chess.com"]

[Event "Titled Tuesday Blitz November 07 Early 2023"]
[White "Soumya, Swaminathan"]
[Black "Pujari, Rucha"]
[WhiteFideId "5016193"]
[BlackFideId "5024528"]
[WhiteElo "2401"]
[BlackElo "2514"]
[Result "1-0"]
[Round "9"]
[TimeControl "180+1"]
[Date "2023.11.07"]
[WhiteClock "0:00:10"]
[BlackClock "0:00:00"]
[Board "97"]

1. e4 e5 2. Nf3 Nc6 3. Bb5 a6 4. Ba4 Nf6 5. O-O Be7 6. d3 b5 7. Bb3 O-O 8. a4 Bb7 9. Nc3 b4 10. Nd5 Na5 11. Nxe7+ Qxe7 12. Ba2 b3 13. cxb3 d5 14. b4 dxe4 15. dxe4 Rad8 16. Qe2 Nc6 17. b5 Nb4 18. Bg5 h6 19. Bxf6 Qxf6 20. Bc4 a5 21. Rad1 Qf4 22. Rfe1 Rxd1 23. Qxd1 Bxe4 24. Qd2 Qf5 25. Qe3 Bxf3 26. Qxf3 Qxf3 27. gxf3 Re8 28. Rd1 g5 29. Rd7 Kg7 30. Rxf7+ Kg6 31. Rxc7 Rd8 32. Kg2 Nc2 33. b6 Nd4 34. b7 1-0


[Site "https://www.chess.com"]

[Event "Titled Tuesday Blitz November 07 Early 2023"]
[White "ChainedDowntohell"]
[Black "gpsji27"]
[WhiteElo "2510"]
[BlackElo "2361"]
[Result "1-0"]
[Round "9"]
[TimeControl "180+1"]
[Date "2023.11.07"]
[WhiteClock "0:00:49"]
[BlackClock "0:00:01"]
[Board "98"]

1. d4 d5 2. c4 e6 3. Nc3 Nf6 4. cxd5 exd5 5. Bg5 Nbd7 6. e3 Be7 7. Bd3 c6 8. Qc2 O-O 9. Nf3 h6 10. Bf4 Re8 11. O-O Nf8 12. h3 Bd6 13. Bxd6 Qxd6 14. Rab1 Be6 15. b4 a6 16. a4 N8d7 17. Rfc1 Rec8 18. Qb2 Nb6 19. Ne5 Nfd7 20. a5 Nc4 21. Bxc4 dxc4 22. Ne4 Qd5 23. Nxd7 Qxe4 24. Nc5 Qg6 25. Nxe6 Qxe6 26. Qc2 Rd8 27. Qxc4 Rd5 28. Qe2 Rg5 29. Rc5 Qe4 30. Qf1 Rxg2+ 31. Qxg2 Qxb1+ 32. Kh2 Qxb4 33. Qe4 Qe1 34. Kg2 Rd8 35. Qe7 Rb8 36. Rf5 Rf8 37. Qxb7 g6 38. Rc5 Qd1 39. Qxa6 Qh5 40. Rxh5 gxh5 41. Qxc6 1-0


[Site "https://www.chess.com"]

[Event "Titled Tuesday Blitz November 07 Early 2023"]
[White "a-z30"]
[Black "MIss_MIaMI"]
[WhiteElo "2509"]
[BlackElo "2345"]
[Result "1-0"]
[Round "9"]
[TimeControl "180+1"]
[Date "2023.11.07"]
[WhiteClock "0:00:15"]
[BlackClock "0:00:11"]
[Board "99"]

1. d3 c5 2. Nf3 e6 3. g3 Nf6 4. Bg2 Be7 5. O-O O-O 6. c4 d6 7. Nc3 Nc6 8. e3 a6 9. b3 Qc7 10. Bb2 Rd8 11. Rc1 Ne5 12. Ne1 Bd7 13. f4 Neg4 14. Qe2 Bc6 15. Bxc6 Qxc6 16. h3 Nh6 17. g4 Ne8 18. e4 Kf8 19. Nf3 f6 20. f5 e5 21. Nd5 Nf7 22. h4 Nc7 23. Rf2 b5 24. Rg2 Nxd5 25. exd5 Qb6 26. g5 a5 27. gxf6 Bxf6 28. Ng5 Ke7 29. Ne6 Rg8 30. Qh5 h6 31. Rf1 a4 32. Nxg7 axb3 33. axb3 bxc4 34. bxc4 Ra2 35. Rff2 Qa5 36. Qe2 Rxg7 37. Rxg7 Bxg7 38. f6+ Bxf6 39. Qf1 Rxb2 40. Rxb2 Qd8 41. Rb7+ Kf8 42. Qf5 Kg7 43. Qe6 Qf8 44. h5 Bg5 45. Qg6+ Kh8 46. Rxf7 Be3+ 47. Kg2 Qg8 48. Qxg8+ Kxg8 49. Rd7 e4 50. dxe4 Bf4 51. Kf3 Be5 52. Kg4 Kf8 53. Kf5 Ke8 54. Ke6 Kf8 55. Rxd6 Bxd6 56. Kxd6 Kf7 57. e5 Kg7 58. e6 Kf6 59. e7 Kg5 60. e8=Q Kf5 61. Qe5+ Kg4 62. Kxc5 Kf3 63. d6 Kg4 64. d7 Kf3 65. d8=Q Kg4 66. Qdd4+ Kf3 67. Qee3+ Kg2 68. Qdd2+ Kf1 69. Qee1# 1-0


[Site "https://www.chess.com"]

[Event "Titled Tuesday Blitz November 07 Early 2023"]
[White "Balla, Tamas-Kristof"]
[Black "Krzywda, Andrzej"]
[WhiteFideId "1208497"]
[BlackFideId "1114565"]
[WhiteElo "2330"]
[BlackElo "2507"]
[Result "0-1"]
[Round "9"]
[TimeControl "180+1"]
[Date "2023.11.07"]
[WhiteClock "0:00:05"]
[BlackClock "0:00:05"]
[Board "100"]

1. e4 e5 2. Nf3 Nf6 3. Nxe5 d6 4. Nf3 Nxe4 5. Nc3 Nxc3 6. dxc3 Be7 7. Bd3 O-O 8. Bf4 Nd7 9. Qd2 Nc5 10. O-O-O Nxd3+ 11. cxd3 Bg4 12. Qe2 Re8 13. Be3 Bf6 14. h3 Be6 15. Kb1 Qd7 16. Qc2 b5 17. Bg5 Bxg5 18. Nxg5 Bf5 19. g4 Bg6 20. f4 f6 21. Nf3 c5 22. Rhe1 Qc6 23. Nh4 Bf7 24. Nf5 Kf8 25. d4 cxd4 26. Nxd4 Qc4 27. b3 Qc5 28. Qxh7 Qxc3 29. Qh8+ Bg8 30. Nf5 Qc7 31. Nd4 Rac8 32. f5 Qc3 33. Rxe8+ Rxe8 34. Ne6+ Rxe6 35. fxe6 Qe3 36. e7+ Qxe7 37. Qh5 Qe4+ 38. Kb2 Bf7 39. Qxb5 Bg6 40. Qb8+ Kf7 41. Qxd6 Qc2+ 42. Ka3 Kg8 43. h4 Qe4 44. h5 Bf7 45. Qd8+ Kh7 46. Qd3 Qxd3 47. Rxd3 Be6 48. Rd4 Kh6 49. Kb4 Kg5 50. Kc5 Bxg4 51. Rd7 Bxd7 52. Kd6 Be8 53. Ke7 Bxh5 54. b4 Be2 55. a4 f5 56. a5 f4 57. Kd6 f3 58. b5 Bxb5 59. Kc5 Be2 0-1


[Site "https://www.chess.com"]

[Event "Titled Tuesday Blitz November 07 Early 2023"]
[White "Silvestre, Christian"]
[Black "Hajiyev, Kanan"]
[WhiteFideId "30956269"]
[BlackFideId "13404148"]
[WhiteElo "2205"]
[BlackElo "2506"]
[Result "0-1"]
[Round "9"]
[TimeControl "180+1"]
[Date "2023.11.07"]
[WhiteClock "0:00:07"]
[BlackClock "0:00:39"]
[Board "101"]

1. Nf3 c6 2. b3 d5 3. Bb2 Nf6 4. g3 g6 5. Bg2 Bg7 6. O-O O-O 7. d3 a5 8. a3 Bg4 9. h3 Bxf3 10. exf3 Nbd7 11. f4 Nh5 12. Bxg7 Nxg7 13. d4 Qb6 14. Nc3 Nf5 15. Ne2 Nf6 16. c3 Kg7 17. b4 Ra7 18. Qd2 Rfa8 19. Qb2 Qb5 20. Rfe1 axb4 21. cxb4 Qd3 22. Red1 Qb5 23. Nc3 Qb6 24. Rd3 h5 25. a4 e6 26. Rb1 Nxd4 27. a5 Qc7 28. Rxd4 e5 29. fxe5 Qxe5 30. Rd3 Re8 31. Na4 Qxb2 32. Rxb2 Re1+ 33. Kh2 Ra8 34. Nc5 Re7 35. Re3 Rae8 36. Rxe7 Rxe7 37. b5 Ne8 38. bxc6 bxc6 39. Rb7 Re2 40. a6 Rxf2 41. a7 Ra2 42. Kg1 Nd6 43. Rd7 Nb5 44. Ne6+ Kf6 45. Nd8 Rxa7 46. Rxa7 Nxa7 47. Kf2 Ke7 48. Nb7 Nb5 49. Ke3 Nc7 50. Nc5 Ne6 51. Nxe6 fxe6 52. Kd4 Kd6 53. g4 hxg4 54. hxg4 g5 55. Kd3 e5 56. Bh3 c5 57. Bf1 c4+ 58. Ke3 Kc5 59. Be2 Kb4 60. Bd1 Kc3 61. Bf3 e4 62. Bd1 Kb2 63. Ba4 c3 64. Kd4 c2 65. Bxc2 Kxc2 66. Kxd5 e3 67. Ke4 e2 68. Kf5 e1=Q 69. Kxg5 Qg3 70. Kf5 Qf3+ 71. Kg5 Kd3 72. Kh5 Ke4 73. Kh4 Kf4 74. Kh5 Qxg4+ 75. Kh6 Qg8 76. Kh5 Qg5# 0-1


[Site "https://www.chess.com"]

[Event "Titled Tuesday Blitz November 07 Early 2023"]
[White "Bashirli, Saadat"]
[Black "Souleidis, Georgios"]
[WhiteFideId "13429990"]
[BlackFideId "4206827"]
[WhiteElo "2420"]
[BlackElo "2596"]
[Result "1-0"]
[Round "9"]
[TimeControl "180+1"]
[Date "2023.11.07"]
[WhiteClock "0:00:41"]
[BlackClock "0:00:07"]
[Board "102"]

1. d4 Nf6 2. e3 g6 3. f4 Bg7 4. Bd3 d6 5. Nf3 O-O 6. O-O Nfd7 7. c3 e5 8. Nbd2 exf4 9. exf4 f5 10. b3 Nf6 11. Bb2 Re8 12. Qc2 Ng4 13. Rfe1 Nd7 14. Rxe8+ Qxe8 15. Re1 Qd8 16. Ng5 Nb6 17. Nc4 h6 18. Nxb6 axb6 19. Ne6 Bxe6 20. Rxe6 Qd7 21. Rxg6 Qe8 22. Bc4+ Kh7 23. Rxg4 Qe3+ 24. Kf1 Rxa2 25. Qxf5+ Kh8 26. Qc8+ Kh7 27. Qg8# 1-0


[Site "https://www.chess.com"]

[Event "Titled Tuesday Blitz November 07 Early 2023"]
[White "Muhammad Shahzeb"]
[Black "Perdomo, Carlos Andres"]
[WhiteFideId "7804806"]
[BlackFideId "4400852"]
[WhiteElo "2407"]
[BlackElo "2594"]
[Result "0-1"]
[Round "9"]
[TimeControl "180+1"]
[Date "2023.11.07"]
[WhiteClock "0:00:00"]
[BlackClock "0:01:14"]
[Board "103"]

1. e4 c5 2. Nc3 e6 3. f4 a6 4. Nf3 b5 5. d4 cxd4 6. Qxd4 Bb7 7. Bd3 Nf6 8. a3 Qc7 9. Qf2 Bc5 10. Qe2 d5 11. exd5 Nxd5 12. Nxd5 Bxd5 13. Be3 Nd7 14. f5 O-O 15. O-O exf5 16. Bxf5 Rae8 17. Bxh7+ Kh8 18. Kh1 Rxe3 19. Qf2 Bxf3 20. Qh4 Bxg2+ 21. Kxg2 Qc6+ 22. Be4+ Qh6 23. Qxh6+ gxh6 0-1


[Site "https://www.chess.com"]

[Event "Titled Tuesday Blitz November 07 Early 2023"]
[White "FuenfgegenWilly"]
[Black "Ronka, Erik"]
[BlackFideId "505080"]
[WhiteElo "2388"]
[BlackElo "2520"]
[Result "1-0"]
[Round "9"]
[TimeControl "180+1"]
[Date "2023.11.07"]
[WhiteClock "0:01:00"]
[BlackClock "0:00:03"]
[Board "104"]

1. d4 Nf6 2. Nf3 g6 3. g3 Bg7 4. Bg2 O-O 5. O-O d6 6. Nc3 Nbd7 7. a4 e5 8. dxe5 Nxe5 9. a5 a6 10. Nxe5 dxe5 11. Qxd8 Rxd8 12. Bg5 Re8 13. Rfd1 c6 14. Bxf6 Bxf6 15. Ne4 Be7 16. Nd6 Rd8 17. Nc4 f6 18. Nb6 Rb8 19. Nxc8 Rbxc8 20. Bh3 Rb8 21. e4 Kf7 22. Kf1 Bc5 23. Ke2 Ke7 24. c3 Bd6 25. Rd3 b6 26. axb6 Rxb6 27. Rd2 Bc7 28. Rad1 Rxd2+ 29. Rxd2 a5 30. Rd7+ 1-0


[Site "https://www.chess.com"]

[Event "Titled Tuesday Blitz November 07 Early 2023"]
[White "KorolDimitriy75"]
[Black "Khamdamova, Afruza"]
[BlackFideId "14210444"]
[WhiteElo "2347"]
[BlackElo "2513"]
[Result "0-1"]
[Round "9"]
[TimeControl "180+1"]
[Date "2023.11.07"]
[WhiteClock "0:00:00"]
[BlackClock "0:00:18"]
[Board "105"]

1. d4 Nf6 2. c4 e6 3. Nc3 d5 4. Bg5 Be7 5. cxd5 exd5 6. e3 O-O 7. Bd3 c6 8. Qc2 h6 9. Bh4 Re8 10. Nge2 a5 11. f3 Na6 12. a3 b5 13. O-O Nc7 14. Bf2 Ba6 15. Rad1 b4 16. axb4 Bxd3 17. Rxd3 axb4 18. Na4 Ra6 19. Rdd1 Qa8 20. b3 Nb5 21. h3 Bd6 22. Rfe1 Qb8 23. Qd3 Ra7 24. Rc1 Rc7 25. Ng3 Qc8 26. Nf5 Bf8 27. e4 dxe4 28. fxe4 Nc3 29. Nxc3 bxc3 30. e5 Nd5 31. Qe4 Rb7 32. Rf1 Qe6 33. Qg4 Rxb3 34. Bh4 Kh8 35. Rf3 Rb2 36. Rcf1 Ra8 0-1


[Site "https://www.chess.com"]

[Event "Titled Tuesday Blitz November 07 Early 2023"]
[White "Kochiev, Ivan"]
[Black "Goh, Zi Han"]
[WhiteFideId "2917890"]
[BlackFideId "5819156"]
[WhiteElo "2513"]
[BlackElo "2341"]
[Result "0-1"]
[Round "9"]
[TimeControl "180+1"]
[Date "2023.11.07"]
[WhiteClock "0:00:14"]
[BlackClock "0:00:15"]
[Board "106"]

1. e4 c5 2. Nc3 Nc6 3. f4 g6 4. Nf3 Bg7 5. Bc4 d6 6. d3 Nf6 7. O-O O-O 8. Qe1 e6 9. Qh4 d5 10. Bb3 Nd4 11. f5 exf5 12. Bh6 dxe4 13. Ng5 exd3 14. Nd5 Nxb3 15. Bxg7 Kxg7 16. Nxf6 Qd4+ 17. Qxd4 Nxd4 18. Ngxh7 Rh8 19. cxd3 Rxh7 20. Nxh7 Kxh7 21. Rae1 Be6 22. b3 a5 23. Re5 b6 24. h3 a4 25. bxa4 Rxa4 26. Rb1 Ra6 27. a4 Bb3 28. Re7 Kg7 29. Rd7 Bxa4 30. Rd6 Bc2 31. Rbxb6 Rxb6 32. Rxb6 Bxd3 33. Kf2 Be4 34. Ke3 Ne6 35. g3 Kf6 36. Rb8 c4 37. Rc8 Bd3 38. Ra8 Ng5 39. Ra6+ Kg7 40. h4 Ne4 41. Rc6 Nxg3 42. Kf4 Ne4 43. h5 c3 44. hxg6 fxg6 45. Ke3 Bb5 46. Rc7+ Kf6 47. Kf4 g5+ 48. Ke3 g4 49. Kf4 g3 50. Kf3 Bd3 51. Rc6+ Ke5 52. Rc8 c2 53. Kg2 Kd4 54. Kh3 Ke3 55. Kg2 f4 56. Kh3 f3 57. Rc7 f2 58. Kg4 f1=R 59. Kh5 c1=R 60. Rg7 Kf2 61. Kg6 g2 62. Kh7 g1=B 63. Kh8 Ke2 64. Rg2+ Bf2 65. Rg4 Rh1+ 66. Kg7 Rhg1 67. Rg6 Rxg6+ 68. Kh8 Rg2 69. Kh7 Rh1# 0-1


[Site "https://www.chess.com"]

[Event "Titled Tuesday Blitz November 07 Early 2023"]
[White "Reprintsev, Alexander"]
[Black "Zaksaite, Salomeja"]
[WhiteFideId "14100541"]
[BlackFideId "12801496"]
[WhiteElo "2493"]
[BlackElo "2338"]
[Result "1-0"]
[Round "9"]
[TimeControl "180+1"]
[Date "2023.11.07"]
[WhiteClock "0:00:41"]
[BlackClock "0:00:00"]
[Board "107"]

1. e4 c5 2. b3 d6 3. Bb2 Nf6 4. Bxf6 gxf6 5. Qh5 Nc6 6. Nc3 e6 7. f4 Bd7 8. Nf3 Qe7 9. Bc4 O-O-O 10. O-O Bg7 11. f5 Ne5 12. a4 Rdg8 13. Nxe5 fxe5 14. fxe6 fxe6 15. Rf7 Qe8 16. Raf1 Bf8 17. Bb5 Be7 18. Bxd7+ Kxd7 19. Qe2 a6 20. b4 cxb4 21. Na2 Qc8 22. d4 Rf8 23. dxe5 Qc5+ 24. Kh1 Rxf7 25. Rxf7 Qxe5 26. Nxb4 Rf8 27. Rxf8 Bxf8 28. g3 Qa1+ 29. Kg2 Qxa4 30. c3 Qb3 31. Qf3 Be7 32. Nd3 Qc2+ 33. Kh3 a5 34. e5 d5 35. Nf4 Qxc3 36. Qg4 1-0


[Site "https://www.chess.com"]

[Event "Titled Tuesday Blitz November 07 Early 2023"]
[White "Baches Garcia, Guillermo"]
[Black "Tharushi, T H D Niklesha"]
[WhiteFideId "2209764"]
[BlackFideId "9918264"]
[WhiteElo "2486"]
[BlackElo "2287"]
[Result "1-0"]
[Round "9"]
[TimeControl "180+1"]
[Date "2023.11.07"]
[WhiteClock "0:00:54"]
[BlackClock "0:00:12"]
[Board "108"]

1. d4 Nf6 2. Nf3 e6 3. Bg5 d5 4. e3 c5 5. Nbd2 Nc6 6. c3 Be7 7. Bd3 Qb6 8. Rb1 c4 9. Bc2 Qa5 10. a3 b5 11. e4 Qc7 12. Qe2 O-O 13. e5 Nd7 14. Bxe7 Nxe7 15. Bxh7+ Kxh7 16. Ng5+ Kg6 17. Qg4 f5 18. Qh4 Nxe5 19. Qh7+ Kxg5 20. Qxg7+ N5g6 21. Nf3+ Kh5 22. Qh7+ Kg4 23. Qh3+ Kf4 24. Qg3+ Ke4 25. Nd2# 1-0


[Site "https://www.chess.com"]

[Event "Titled Tuesday Blitz November 07 Early 2023"]
[White "LeoWin2012"]
[Black "Ionescu, Mihai"]
[BlackFideId "1202499"]
[WhiteElo "2288"]
[BlackElo "2451"]
[Result "1-0"]
[Round "9"]
[TimeControl "180+1"]
[Date "2023.11.07"]
[WhiteClock "0:01:23"]
[BlackClock "0:01:35"]
[Board "109"]

1. e4 c5 2. Nf3 e6 3. c4 Nc6 4. d4 cxd4 5. Nxd4 Nxd4 6. Qxd4 Ne7 7. Nc3 Nc6 8. Qd2 Bc5 9. b3 O-O 10. Bb2 d6 11. Be2 e5 12. O-O Be6 13. Nd5 Nd4 14. Kh1 Bxd5 15. exd5 Nxe2 16. Qxe2 f5 17. f4 e4 18. Bc3 a5 19. Qb2 Qd7 20. a3 Rfe8 21. b4 Bb6 22. Rfb1 axb4 23. axb4 Rxa1 24. Rxa1 e3 25. Bd4 Bxd4 26. Qxd4 e2 27. Re1 Qa4 28. Qd2 Qb3 29. c5 Qxd5 30. Qxd5+ 1-0


[Site "https://www.chess.com"]

[Event "Titled Tuesday Blitz November 07 Early 2023"]
[White "Feliz Dotel, Dewar Bienvenido"]
[Black "Herman, Daniel"]
[WhiteFideId "6402801"]
[BlackFideId "30935008"]
[WhiteElo "2157"]
[BlackElo "2433"]
[Result "1-0"]
[Round "9"]
[TimeControl "180+1"]
[Date "2023.11.07"]
[WhiteClock "0:00:17"]
[BlackClock "0:00:03"]
[Board "110"]

1. d4 Nf6 2. e3 g6 3. Nf3 Bg7 4. Be2 O-O 5. b4 d6 6. Bb2 b6 7. c4 c5 8. dxc5 bxc5 9. a3 Nc6 10. b5 Na5 11. O-O Bb7 12. Nbd2 e6 13. Nb3 Nxb3 14. Qxb3 d5 15. cxd5 exd5 16. Rfd1 Qb6 17. a4 a5 18. Bc3 Rfe8 19. Qb2 Rad8 20. Rac1 Nh5 21. Bxg7 Nxg7 22. Qc3 d4 23. Qxc5 Qxc5 24. Rxc5 dxe3 25. Rxd8 exf2+ 26. Kxf2 Rxd8 27. Rc7 Rb8 28. Ne5 Ne6 29. Rxf7 Bd5 30. Re7 Nc5 31. Nc6 Rf8+ 32. Ke3 Nxa4 33. Ra7 Nc5 34. Ne7+ Kh8 35. Nxd5 a4 36. Bc4 Re8+ 37. Kd4 Ne6+ 38. Kc3 Nc5 39. Kb4 Ne4 40. Rxa4 Nd2 41. b6 Re4 42. Kb5 Re5 43. b7 Nxc4 44. Kxc4 Kg7 45. b8=Q Re4+ 46. Kb5 1-0


[Site "https://www.chess.com"]

[Event "Titled Tuesday Blitz November 07 Early 2023"]
[White "LangesNasenhaar"]
[Black "Skibbe, Willi"]
[BlackFideId "4682190"]
[WhiteElo "2431"]
[BlackElo "2206"]
[Result "1-0"]
[Round "9"]
[TimeControl "180+1"]
[Date "2023.11.07"]
[WhiteClock "0:00:18"]
[BlackClock "0:00:27"]
[Board "111"]

1. d4 d5 2. Nc3 Nf6 3. Bf4 a6 4. e3 b5 5. Nf3 e6 6. Bd3 c5 7. dxc5 Bxc5 8. O-O Bb7 9. a3 Nc6 10. e4 Nd4 11. Nxd4 Bxd4 12. Bxb5+ axb5 13. Qxd4 dxe4 14. Qxd8+ Rxd8 15. Nxb5 O-O 16. c4 Ba6 17. Bg5 Rc8 18. Bxf6 Rxc4 19. Be7 Bxb5 20. Bxf8 Kxf8 21. Rfc1 Rd4 22. b3 f5 23. a4 Bd3 24. a5 Rd6 25. Rc7 f4 26. Re1 Rd5 27. f3 e3 28. b4 Rd4 29. Rc6 Rxb4 30. Rxe6 Ra4 31. Re5 Ra2 32. g3 fxg3 33. hxg3 e2 34. Kf2 Kf7 35. Ke3 Ra3 36. Kf4 Ra4+ 37. Ke3 Ra3 38. Kf2 Kf6 39. Re3 g5 40. a6 g4 41. a7 gxf3 42. Rxd3 Kg5 43. Rxa3 1-0


[Site "https://www.chess.com"]

[Event "Titled Tuesday Blitz November 07 Early 2023"]
[White "Polaczek, Richard"]
[Black "Samarth J Rao"]
[WhiteFideId "200026"]
[BlackFideId "46652370"]
[WhiteElo "2428"]
[BlackElo "2081"]
[Result "0-1"]
[Round "9"]
[TimeControl "180+1"]
[Date "2023.11.07"]
[WhiteClock "0:00:00"]
[BlackClock "0:00:02"]
[Board "112"]

1. d4 d5 2. c4 c6 3. Nc3 Nf6 4. cxd5 cxd5 5. Bf4 Nc6 6. e3 Bf5 7. Qb3 Qd7 8. Nf3 a6 9. Ne5 Qc8 10. Na4 Nxe5 11. Nb6 Qc6 12. dxe5 Bc2 13. Rc1 Bxb3 14. Rxc6 bxc6 15. exf6 exf6 16. axb3 Ra7 17. Na4 Rb7 18. Bxa6 Rxb3 19. O-O Rb4 20. Nc3 Rxb2 21. Ra1 Kd7 22. Kf1 h5 23. Bd3 Bc5 24. Bf5+ Ke7 25. Ra6 Rb6 26. Ra7+ Ke8 27. Ra8+ Ke7 28. Rxh8 g5 29. Bc7 Rb7 30. Ba5 Ra7 31. Bd8+ Kd6 32. h4 gxh4 33. Rxh5 Bb4 34. Bxf6 Ra1+ 35. Ke2 Ra3 36. Rh6 Rb3 0-1


[Site "https://www.chess.com"]